3AAA
SYLVANIA MAPLE LEAVES @ BRINKLEY BELUGAS
05/08/2019
 
TOP OF THE 1ST
Sylvania Maple Leaves batting - Pitching for Brinkley Belugas : RHP Graham Wilson
Pitching: RHP Graham Wilson
Batting: RHB Kenny Norton 0-0: Ball
1-0: SINGLE (Groundball, 15S) (infield hit)
Batting: RHB Steve Ferguson 0-0: Ball
1-0: Foul Ball, location: 2F
1-1: Foul Ball, location: 2F
1-2: Reached on error, E1 (Groundball, 25)
Kenny Norton to second
Batting: RHB Bernardo Márquez 0-0: Ball
1-0: Fly out, F7 (Flyball, 78M)
Batting: LHB Iván Gonzáles 0-0: Ball
1-0: Called Strike
1-1: Foul Ball, location: 2F
1-2: Ball
2-2: SINGLE (Line Drive, 78S)
Kenny Norton to third
Steve Ferguson to second
Runner from 3rd tries for Home, SAFE, no throw or cutoff
Batting: RHB Miguel García 0-0: Ball
1-0: Ball
2-0: Ball
3-0: Called Strike
3-1: 3-RUN HOME RUN (Flyball, 89XD), Distance : 438 ft
Batting: RHB Ingo van Ham 0-0: Ground out 2-3 (Groundball, 2L)
Batting: SHB Curt Bryant 0-0: Called Strike
0-1: Foul Ball, location: 2F
0-2: SINGLE (Flyball, 7S)
Batting: RHB Fernando Díaz 0-0: Called Strike
0-1: Ground out 5-3 (Groundball, 5L)
Top of the 1st over - 4 run(s), 4 hit(s), 1 error(s), 1 left on base; Sylvania 4 - Brinkley 0
BOTTOM OF THE 1ST
Brinkley Belugas batting - Pitching for Sylvania Maple Leaves : RHP Cisco Cruz
Pitching: RHP Cisco Cruz
Batting: LHB Alfonso Martínez 0-0: Ball
1-0: Called Strike
1-1: Ground out 5-3 (Groundball, 56S)
Batting: RHB Chris Ross 0-0: DOUBLE (Groundball, 5L)
Batting: RHB Michael Collins 0-0: Called Strike
0-1: Called Strike
Chris Ross is caught stealing 3rd base
0-2: Strikes out swinging
Bottom of the 1st over - 0 run(s), 1 hit(s), 0 error(s), 0 left on base; Sylvania 4 - Brinkley 0
TOP OF THE 2ND
Sylvania Maple Leaves batting - Pitching for Brinkley Belugas : RHP Graham Wilson
Batting: RHB Dustin Walker 0-0: Ball
1-0: Called Strike
1-1: Foul Ball, location: 2F
1-2: Foul Ball, location: 2F
1-2: Ball
2-2: Strikes out swinging
Batting: RHB Kenny Norton 0-0: Ball
1-0: Ball
2-0: Called Strike
2-1: Swinging Strike
2-2: Strikes out looking
Batting: RHB Steve Ferguson 0-0: Ball
1-0: Ball
2-0: Called Strike
2-1: SINGLE (Groundball, 6MD)
Batting: RHB Bernardo Márquez 0-0: Called Strike
Steve Ferguson steals 2nd base
0-1: Called Strike
0-2: Ball
1-2: Strikes out swinging
Top of the 2nd over - 0 run(s), 1 hit(s), 0 error(s), 1 left on base; Sylvania 4 - Brinkley 0
BOTTOM OF THE 2ND
Brinkley Belugas batting - Pitching for Sylvania Maple Leaves : RHP Cisco Cruz
Batting: RHB Barry Dempsey 0-0: Ball
1-0: Foul Ball, location: 2F
1-1: Called Strike
1-2: Strikes out looking
Batting: LHB Patrick Larson 0-0: Ball
1-0: Ground out 6-3 (Groundball, 6M)
Batting: RHB Jorge Torrez 0-0: Hit by Pitch
Batting: RHB Raykom Mikeladze 0-0: Called Strike
0-1: Ball
1-1: Ball
2-1: Ball
3-1: Base on Balls
Jorge Torrez to second
Batting: SHB Edgar Cantú 0-0: SINGLE (Line Drive, 7S)
Jorge Torrez to third
Raykom Mikeladze to second
Runner from 3rd tries for Home, SAFE, no throw or cutoff
Batting: LHB Miguel Juárez 0-0: Ball
1-0: Called Strike
1-1: Called Strike
1-2: Foul Ball, location: 2F
1-2: Ground out 6-3 (Groundball, 6D)
Bottom of the 2nd over - 1 run(s), 1 hit(s), 0 error(s), 2 left on base; Sylvania 4 - Brinkley 1
TOP OF THE 3RD
Sylvania Maple Leaves batting - Pitching for Brinkley Belugas : RHP Graham Wilson
Batting: LHB Iván Gonzáles 0-0: Ball
1-0: Ball
2-0: Ball
3-0: Called Strike
3-1: Called Strike
3-2: SINGLE (Groundball, 4MD)
Batting: RHB Miguel García 0-0: SINGLE (Groundball, 5D)
Iván Gonzáles to second
Batting: RHB Ingo van Ham 0-0: Ball
1-0: Called Strike
1-1: SINGLE (Line Drive, 89M)
Iván Gonzáles to third
Miguel García to second
Batting: SHB Curt Bryant 0-0: Ball
1-0: Called Strike
1-1: Called Strike
1-2: Ground out 4-3 (Groundball, 4M)
Iván Gonzáles scores
Miguel García to third
Ingo van Ham to second
Batting: RHB Fernando Díaz 0-0: Ball
1-0: Called Strike
1-1: Foul Ball, location: 2F
1-2: Foul Ball, location: 2F
1-2: Fly out, F9 (Flyball, 89M)
Batting: RHB Dustin Walker 0-0: Foul Ball, location: 2F
0-1: Called Strike
0-2: Strikes out swinging
Top of the 3rd over - 1 run(s), 3 hit(s), 0 error(s), 2 left on base; Sylvania 5 - Brinkley 1
BOTTOM OF THE 3RD
Brinkley Belugas batting - Pitching for Sylvania Maple Leaves : RHP Cisco Cruz
Batting: LHB Alfonso Martínez 0-0: Called Strike
0-1: Swinging Strike
0-2: SINGLE (Groundball, 34)
Batting: RHB Chris Ross 0-0: Swinging Strike
0-1: Called Strike
0-2: Ball
1-2: Fly out, F8 (Line Drive, 8RS)
Batting: RHB Michael Collins 0-0: Called Strike
0-1: 2-RUN HOME RUN (Flyball, 7LD), Distance : 354 ft
Batting: RHB Barry Dempsey 0-0: Ball
1-0: Foul Ball, location: 2F
1-1: SINGLE (Groundball, 6MD)
Batting: LHB Patrick Larson 0-0: Ball
1-0: Ball
2-0: Ball
3-0: Base on Balls
Barry Dempsey to second
Batting: RHB Jorge Torrez 0-0: Called Strike
0-1: Ball
1-1: Foul Ball, location: 2F
1-2: Fly out, F9 (Flyball, 89M)
Batting: RHB Raykom Mikeladze 0-0: Ball
1-0: Swinging Strike
1-1: Foul Ball, location: 2F
1-2: Foul Ball, location: 2F
1-2: Foul Ball, location: 2F
1-2: Strikes out swinging
Bottom of the 3rd over - 2 run(s), 3 hit(s), 0 error(s), 2 left on base; Sylvania 5 - Brinkley 3
TOP OF THE 4TH
Sylvania Maple Leaves batting - Pitching for Brinkley Belugas : RHP Graham Wilson
Batting: RHB Kenny Norton 0-0: Ball
1-0: SINGLE (Line Drive, 56D)
Batting: RHB Steve Ferguson 0-0: Ball
1-0: Grounds into double play, U4-3 (Groundball, 4)
Batting: RHB Bernardo Márquez 0-0: SINGLE (Line Drive, 34D)
Batting: LHB Iván Gonzáles 0-0: Called Strike
0-1: Ball
1-1: Foul Ball, location: 2F
1-2: Strikes out swinging
Top of the 4th over - 0 run(s), 2 hit(s), 0 error(s), 1 left on base; Sylvania 5 - Brinkley 3
BOTTOM OF THE 4TH
Brinkley Belugas batting - Pitching for Sylvania Maple Leaves : RHP Cisco Cruz
Batting: SHB Edgar Cantú 0-0: Ball
1-0: Foul Ball, location: 2F
1-1: Ball
2-1: Ball
3-1: Swinging Strike
3-2: Foul Ball, location: 2F
3-2: Strikes out swinging
Batting: LHB Miguel Juárez 0-0: Called Strike
0-1: Ball
1-1: Ball
2-1: SOLO HOME RUN (Flyball, 9D) (Inside the Park)
Batting: LHB Alfonso Martínez 0-0: Ball
1-0: Called Strike
1-1: Ground out 6-3 (Groundball, 6M)
Batting: RHB Chris Ross 0-0: Ball
1-0: Swinging Strike
1-1: Swinging Strike
1-2: Foul Ball, location: 2F
1-2: Strikes out swinging
Bottom of the 4th over - 1 run(s), 1 hit(s), 0 error(s), 0 left on base; Sylvania 5 - Brinkley 4
TOP OF THE 5TH
Sylvania Maple Leaves batting - Pitching for Brinkley Belugas : RHP Graham Wilson
Batting: RHB Miguel García 0-0: Called Strike
0-1: Swinging Strike
0-2: Ball
1-2: Foul Ball, location: 2F
1-2: Ball
2-2: Strikes out swinging
Batting: RHB Ingo van Ham 0-0: Ball
1-0: Foul Ball, location: 2F
1-1: Ground out 5-3 (Groundball, 56S)
Batting: SHB Curt Bryant 0-0: Called Strike
0-1: Ball
1-1: Called Strike
1-2: Fly out, F6 (Popup, 6MS)
Top of the 5th over - 0 run(s), 0 hit(s), 0 error(s), 0 left on base; Sylvania 5 - Brinkley 4
BOTTOM OF THE 5TH
Brinkley Belugas batting - Pitching for Sylvania Maple Leaves : RHP Cisco Cruz
Batting: RHB Michael Collins 0-0: Ball
1-0: Ball
2-0: Called Strike
2-1: Called Strike
2-2: Strikes out swinging
Batting: RHB Barry Dempsey 0-0: Foul Ball, location: 2F
0-1: Ground out 1-3 (Groundball, 25)
Batting: LHB Patrick Larson 0-0: SINGLE (Groundball, 13) (infield hit)
Pinch Runner at 1st Jim Unknown:
Batting: RHB Jorge Torrez 0-0: Ball
1-0: Foul Ball, location: 2F
1-1: Ball
2-1: Ball
3-1: SINGLE (Line Drive, 9LS)
Jim Unknown to second
Batting: RHB Raykom Mikeladze 0-0: Ball
1-0: Ball
2-0: Ball
3-0: Foul Ball, location: 2F
3-1: SINGLE (Line Drive, 34D)
Jim Unknown to third
Jorge Torrez to second
Batting: SHB Edgar Cantú 0-0: Called Strike
0-1: Ball
1-1: Fly out, F7 (Line Drive, 7M)
Bottom of the 5th over - 0 run(s), 3 hit(s), 0 error(s), 3 left on base; Sylvania 5 - Brinkley 4
TOP OF THE 6TH
Sylvania Maple Leaves batting - Pitching for Brinkley Belugas : RHP Graham Wilson
Now in LF: Jim Unknown
Batting: RHB Fernando Díaz 0-0: TRIPLE (Flyball, 89M)
Batting: RHB Dustin Walker 0-0: Called Strike
0-1: Foul Ball, location: 2F
0-2: Strikes out swinging
Batting: RHB Kenny Norton 0-0: Swinging Strike
0-1: Ground out 4-3 (Groundball, 4M)
Fernando Díaz scores
Pitching: RHP Jim Unknown
Batting: RHB Steve Ferguson 0-0: Foul Ball, location: 2F
0-1: Foul Ball, location: 2F
0-2: Ball
1-2: SINGLE (Groundball, 56D)
Batting: RHB Bernardo Márquez 0-0: Called Strike
0-1: Ball
1-1: Ball
2-1: Swinging Strike
2-2: Ball
3-2: Ground out 6-3 (Groundball, 6)
Top of the 6th over - 1 run(s), 2 hit(s), 0 error(s), 1 left on base; Sylvania 6 - Brinkley 4
BOTTOM OF THE 6TH
Brinkley Belugas batting - Pitching for Sylvania Maple Leaves : RHP Cisco Cruz
Batting: LHB Miguel Juárez 0-0: Swinging Strike
0-1: Ground out 1-3 (Groundball, 13)
Batting: LHB Alfonso Martínez 0-0: Called Strike
0-1: Ball
1-1: Reached on error, E4 (Groundball, 4)
Pitching: RHP Paul Nance
Batting: RHB Chris Ross 0-0: Fly out, F3 (Popup, 3F)
Batting: RHB Michael Collins 0-0: Called Strike
0-1: Ball
1-1: Ball
2-1: Called Strike
2-2: Ground out 5-3 (Groundball, 56)
Bottom of the 6th over - 0 run(s), 0 hit(s), 1 error(s), 1 left on base; Sylvania 6 - Brinkley 4
TOP OF THE 7TH
Sylvania Maple Leaves batting - Pitching for Brinkley Belugas : RHP Jim Unknown
Batting: LHB Iván Gonzáles 0-0: Called Strike
0-1: Ball
1-1: Called Strike
1-2: Ground out 4-3 (Groundball, 4)
Batting: RHB Miguel García 0-0: Ball
1-0: Called Strike
1-1: SINGLE (Line Drive, 4MD)
Batting: RHB Ingo van Ham 0-0: Called Strike
0-1: Called Strike
0-2: Ball
1-2: Foul Ball, location: 2F
1-2: Fly out, F4 (Popup, 34)
Batting: SHB Curt Bryant 0-0: Ball
1-0: SINGLE (Groundball, 34)
Miguel García to second
Runner from 2nd tries for 3rd, SAFE, throw made to third
Pinch Hitting: RHB Melvin Baldwin 0-0: Called Strike
0-1: SINGLE (Flyball, 7S)
Miguel García scores
Curt Bryant to second
Batting: RHB Dustin Walker 0-0: Swinging Strike
0-1: Ball
1-1: Fly out, F8 (Flyball, 8LM)
Top of the 7th over - 1 run(s), 3 hit(s), 0 error(s), 2 left on base; Sylvania 7 - Brinkley 4
BOTTOM OF THE 7TH
Brinkley Belugas batting - Pitching for Sylvania Maple Leaves : RHP Paul Nance
Now at 2B: Melvin Baldwin
Batting: RHB Barry Dempsey 0-0: Swinging Strike
0-1: SINGLE (Flyball, 8RS)
Batting: SHB Jim Unknown 0-0: Called Strike
0-1: Ball
1-1: Called Strike
1-2: Foul Ball, location: 2F
1-2: 2-RUN HOME RUN (Flyball, 9LD), Distance : 351 ft
Pitching: LHP Hildebrand Claessens
Batting: RHB Jorge Torrez 0-0: Ball
1-0: Foul Ball, location: 2F
1-1: Fly out, F9 (Flyball, 89S)
Batting: RHB Raykom Mikeladze 0-0: Swinging Strike
0-1: Called Strike
0-2: Ball
1-2: Strikes out swinging
Batting: SHB Edgar Cantú 0-0: SOLO HOME RUN (Flyball, 7D), Distance : 377 ft
Pinch Hitting: SHB Jim Unknown 0-0: Called Strike
0-1: Swinging Strike
0-2: Ground out 6-3 (Groundball, 6)
Bottom of the 7th over - 3 run(s), 3 hit(s), 0 error(s), 0 left on base; Sylvania 7 - Brinkley 7
TOP OF THE 8TH
Sylvania Maple Leaves batting - Pitching for Brinkley Belugas : RHP Jim Unknown
Now at 1B: Jim Unknown
Pinch Hitting: LHB Jim Unknown 0-0: Swinging Strike
0-1: Ball
1-1: Called Strike
1-2: Foul Ball, location: 2F
1-2: Strikes out swinging
Pinch Hitting: RHB Mike Neal 0-0: SINGLE (Groundball, 6)
Batting: RHB Bernardo Márquez 0-0: Ball
Mike Neal steals 2nd base
1-0: Ball
2-0: Called Strike
2-1: Fly out, F8 (Line Drive, 8LS)
Pitching: RHP Jim Unknown
Batting: LHB Iván Gonzáles 0-0: Called Strike
0-1: Ball
1-1: Ball
2-1: Ball
3-1: Ground out 1-3 (Groundball, 15)
Top of the 8th over - 0 run(s), 1 hit(s), 0 error(s), 1 left on base; Sylvania 7 - Brinkley 7
BOTTOM OF THE 8TH
Brinkley Belugas batting - Pitching for Sylvania Maple Leaves : LHP Hildebrand Claessens
Now at 1B: Mike Neal
Now in LF: Jim Unknown
Batting: LHB Alfonso Martínez 0-0: Foul Ball, location: 2F
0-1: Ball
1-1: Foul Ball, location: 2F
1-2: Ball
2-2: SINGLE (Line Drive, 7LS)
Batting: RHB Chris Ross 0-0: Ball
1-0: Sac Bunt - play at first, batter safe!
Alfonso Martínez to second
Batting: RHB Michael Collins 0-0: Ball
1-0: Called Strike
1-1: Swinging Strike
1-2: Ball
2-2: Ball
3-2: Base on Balls
Alfonso Martínez to third
Chris Ross to second
Batting: RHB Barry Dempsey 0-0: Called Strike
0-1: GRAND SLAM HOME RUN (Flyball, 78XD), Distance : 424 ft
Pitching: LHP Juan García
Batting: SHB Jim Unknown 0-0: Ball
1-0: Ball
2-0: SOLO HOME RUN (Flyball, 7D), Distance : 388 ft
Batting: RHB Jorge Torrez 0-0: Ball
1-0: Fly out, F9 (Line Drive, 89M)
Batting: RHB Raykom Mikeladze 0-0: Ball
1-0: Called Strike
1-1: Called Strike
1-2: Ball
2-2: Fly out, F9 (Flyball, 89D)
Batting: SHB Edgar Cantú 0-0: Ground out 1-3 (Groundball, 25)
Bottom of the 8th over - 5 run(s), 4 hit(s), 0 error(s), 0 left on base; Sylvania 7 - Brinkley 12
TOP OF THE 9TH
Sylvania Maple Leaves batting - Pitching for Brinkley Belugas : RHP Jim Unknown
Pitching: RHP Melvin González
Batting: RHB Miguel García 0-0: Called Strike
0-1: Ball
1-1: Foul Ball, location: 2F
1-2: Ball
2-2: Strikes out looking
Batting: RHB Ingo van Ham 0-0: Ball
1-0: Fly out, F8 (Flyball, 8RM)
Batting: SHB Curt Bryant 0-0: Ball
1-0: Swinging Strike
1-1: Called Strike
1-2: Ball
2-2: Ball
3-2: Strikes out looking
Top of the 9th over - 0 run(s), 0 hit(s), 0 error(s), 0 left on base; Sylvania 7 - Brinkley 12
This league is powered by Out of the Park Baseball, the baseball management simulation game for PC, Mac and Linux
Saturday, July 25th, 2015 - OOTP Baseball 15.6 Build 34